 Dungeon Crawl Stone Soup version 0.27-a0-1140-g099f9bb0e8 (webtiles) character file.

Game seed: 8198399993693034696

149907 Maken the Protected (level 17, -10/132 (136) HPs)
             Began as a Gnoll Wanderer on May 8, 2021.
             Was an Initiate of Gozag.
             Killed from afar by a thorn hunter (37 damage)
             ... with a volley of thorns
             ... on level 4 of the Swamp on May 9, 2021.
             The game lasted 03:57:58 (45654 turns).

Maken the Protected (Gnoll Wanderer)               Turns: 45654, Time: 03:57:58

HP:   -10/132 (136) AC: 23    Str: 14    XL:     17   Next: 52%
MP:   22/32         EV: 11    Int: 24    God:    Gozag
Gold: 268           SH: 18    Dex: 13    Spells: 32/39 levels left

rFire    + + .     SeeInvis .   b - +4 hand axe of Wewow {elec, rF- Int+7}
rCold    + . .     Faith    .   G - +1 tower shield {AC+3}
rNeg     . . .     Spirit   .   c - +6 scale mail "Tiferog" {rF+ Int+2}
rPois    +         Reflect  .   (no helmet)
rElec    +         Harm     .   K - +0 cloak {rCorr}
rCorr    +         Rampage  .   h - +2 pair of gloves of Lyesk {rElec rF+ Will-}
Will     +....                  (no boots)
Stlth    +++.......             W - amulet of regeneration
HPRegen  1.32/turn              r - ring of poison resistance
MPRegen  0.23/turn              U - ring of willpower

@: mighty, about to teleport, resistant, hasted, lightly drained, very quick
A: fangs 1, strong nose, distributed training
a: Renounce Religion, Potion Petition, Call Merchant, Bribe Branch


You were on level 4 of the Swamp.
You worshipped Gozag.
Gozag was aware of your devotion.
You visited 5 branches of the dungeon, and saw 28 of its levels.
You also visited: Ossuary and Gauntlet.

You collected 9217 gold pieces.
You spent 4123 gold pieces at shops.
You paid 4826 gold pieces to Gozag.

Inventory:

Hand Weapons
 a - the +7 hand crossbow of Emafaur {flame, Str+3 Dex+4}
   (You bought it in a shop on level 12 of the Dungeon)

   It causes projectiles fired from it to burn those they strike, causing extra
   injury to most foes and up to half again as much damage against particularly
   susceptible opponents.
   It affects your strength (+3).
   It affects your dexterity (+4).
 b - the +4 hand axe of Wewow (weapon) {elec, rF- Int+7}
   (You found it on level 3 of the Dungeon)

   Occasionally, upon striking a foe, it can discharge electrical energy and
   cause terrible harm.
   It affects your intelligence (+7).
   It makes you vulnerable to fire.
 o - a +0 vorpal broad axe
 v - the +11 plutonium sword {Contam Stlth-}
   (You found it on level 1 of the Swamp)

   It causes magical contamination when unequipped.
   It makes you less stealthy.
 N - a +0 scimitar of flaming
Missiles
 f - a throwing net
 p - 41 poisoned darts (quivered)
 L - 93 bolts
 Q - 28 javelins
 X - 66 arrows
Armour
 c - the +6 scale mail "Tiferog" (worn) {rF+ Int+2}
   (You bought it in a shop on level 5 of the Lair of Beasts)

   It affects your intelligence (+2).
   It protects you from fire.
 h - the +2 pair of gloves of Lyesk (worn) {rElec rF+ Will-}
   (You found it in a Gauntlet)

   It protects you from fire.
   It insulates you from electricity.
   It decreases your willpower.
 G - a +1 tower shield of protection (worn)
 J - a +0 buckler
 K - a +0 cloak of preservation (worn)
Jewellery
 r - a ring of poison resistance (left hand)
 P - a ring of positive energy
 U - a ring of willpower (right hand)
 W - an amulet of regeneration (around neck)
Wands
 k - a wand of charming (6)
 x - a wand of iceblast (60)
 y - a wand of acid (7)
 A - a wand of digging (15)
 M - a wand of flame (26)
 R - a wand of mindburst (23)
 T - a wand of polymorph (19)
Scrolls
 e - 6 scrolls of identify
 i - 7 scrolls of teleportation
 s - 5 scrolls of magic mapping
 u - 4 scrolls of amnesia
 w - 2 scrolls of summoning
 z - 7 scrolls of enchant armour
 C - 6 scrolls of enchant weapon
 F - a scroll of silence
 S - a scroll of immolation
 V - 2 scrolls of brand weapon
 Y - 3 scrolls of fog
 Z - a scroll of acquirement {unknown}
Potions
 d - 4 potions of curing
 g - a potion of resistance
 j - 10 potions of lignification
 l - 2 potions of berserk rage
 m - 4 potions of ambrosia
 n - 7 potions of brilliance
 q - 4 potions of mutation
 t - 4 potions of magic
 H - 4 potions of might
Miscellaneous
 D - a lightning rod (4/4)
 E - a tin of tremorstones (2/2)
 I - a piece from Xom's chessboard (15/15)
 O - a condenser vane


   Skills:
 + Level 13.0 Fighting
 + Level 11.5 Short Blades
 + Level 11.5 Long Blades
 + Level 11.5 Axes
 + Level 11.5 Maces & Flails
 + Level 11.5 Polearms
 + Level 11.5 Staves
 + Level 11.5 Slings
 + Level 12.3 Bows
 + Level 11.5 Crossbows
 + Level 11.8 Throwing
 + Level 13.0 Armour
 + Level 11.5 Dodging
 + Level 11.5 Stealth
 + Level 11.5 Shields
 + Level 11.5 Unarmed Combat
 + Level 11.5 Spellcasting
 + Level 9.9 Conjurations
 + Level 9.9 Hexes
 + Level 9.9 Summonings
 + Level 9.9 Necromancy
 + Level 9.9 Translocations
 + Level 9.9 Transmutations
 + Level 9.9 Fire Magic
 + Level 9.9 Ice Magic
 + Level 9.9 Air Magic
 + Level 9.9 Earth Magic
 + Level 9.9 Poison Magic
 + Level 12.5 Invocations
 + Level 11.8 Evocations


You had 32 spell levels left.
You knew the following spells:

 Your Spells              Type           Power      Damage    Failure   Level
a - Summon Guardian Gole  Hex/Summ       57%        N/A       3%          3
b - Sticky Flame          Conj/Fire      57%        2d7       13%         4

Your spell library contained the following spells:

 Spells                   Type           Power      Damage    Failure   Level
 Animate Skeleton         Necr           100%       N/A       1%          1
 Beastly Appendage        Tmut           100%       N/A       1%          1
 Foxfire                  Conj/Fire      100%       2x1d9     1%          1
 Freeze                   Ice            100%       1d11      1%          1
 Pain                     Necr           100%       1d9       1%          1
 Summon Small Mammal      Summ           100%       N/A       1%          1
 Call Imp                 Summ           57%        N/A       1%          2
 Poisonous Vapours        Pois/Air       100%       N/A       1%          2
 Wereblood                Tmut           57%        N/A       1%          2
 Call Canine Familiar     Summ           57%        N/A       3%          3
 Conjure Flame            Conj/Fire      57%        6-21      3%          3
 Frozen Ramparts          Ice            100%       1d12      3%          3
 Inner Flame              Hex/Fire       57%        N/A       3%          3
 Mephitic Cloud           Conj/Pois/Air  57%        N/A       3%          3
 Ozocubu's Armour         Ice            57%        N/A       3%          3
 Spider Form              Tmut/Pois      28%        N/A       3%          3
 Vampiric Draining        Necr           28%        2d10      3%          3
 Animate Dead             Necr           28%        N/A       13%         4
 Hailstorm                Conj/Ice       57%        3d12      13%         4
 Ice Form                 Ice/Tmut       57%        N/A       13%         4
 Summon Ice Beast         Ice/Summ       57%        N/A       13%         4
 Summon Lightning Spire   Summ/Air       57%        N/A       13%         4
 Agony                    Necr           57%        N/A       34%         5
 Borgnjor's Vile Clutch   Necr/Erth      28%        N/A       34%         5
 Fireball                 Conj/Fire      28%        3d12      34%         5
 Hydra Form               Tmut           28%        N/A       34%         5
 Metabolic Englaciation   Hex/Ice        28%        N/A       34%         5
 Summon Forest            Summ/Tloc      28%        N/A       34%         5
 Summon Mana Viper        Hex/Summ       57%        N/A       34%         5
 Death Channel            Necr           28%        N/A       89%         6
 Freezing Cloud           Conj/Ice/Air   28%        6-21      89%         6
 Shadow Creatures         Summ           N/A        N/A       89%         6
 Simulacrum               Ice/Necr       28%        N/A       89%         6
 Ozocubu's Refrigeration  Ice            28%        4d10      100%        7
 Summon Hydra             Summ           28%        N/A       100%        7


Dungeon Overview and Level Annotations

Branches:
Dungeon (15/15)            Temple (1/1) D:7            Lair (6/6) D:9
  Swamp (4/4) Lair:2        Snake (0/4) Lair:4        Slime (0/5) Lair:6
    Orc (2/2) D:9             Elf (0/3) Orc:2        Vaults (0/5) D:13
 Depths (0/5) D:15        Ossuary (visited)         Gauntlet (visited)

Altars:
Cheibriados
Dithmenos
Elyvilon
Fedhas
Gozag
Kikubaaqudgha
Makhleb
Okawaru
Ru
Trog
Vehumet
Zin
The Shining One
Beogh

Shops:
D:3 (   D:7 *   D:9 **[[   D:12 (   D:14 :   Orc:1 *   Orc:2 ?(((*   Lair:5 [

Annotations:
D:5 2 runed translucent doors
D:8 3 runed translucent doors
D:9 2 transporters, Mels's ghost, novice MiHu
D:14 2 transporters, Frances; Kedghoxa's ghost, journeyman DEIE; Roxanne
Swamp:4 exclusion: 3 oklob plants


Innate Abilities, Weirdness & Mutations

You have very sharp teeth.
Your uncanny sense of smell can sniff out nearby items.
Your experience applies equally to all skills.


Message History

The 24-headed hydra skeleton bites you but does no damage.
You block the 24-headed hydra skeleton's attack. x2
The 24-headed hydra skeleton closely misses you.
The 24-headed hydra skeleton bites you but does no damage.
The 24-headed hydra skeleton misses you.
Okay, then.
Unknown command.
As you read the scroll of holy word, it crumbles to dust.
You speak a Word of immense power!
The 24-headed hydra skeleton convulses!
Unknown command.
Okay, then. [a] - 200 gold - heal wounds and curing [b] - 280 gold - resistance [c] - 299 gold - heal wounds, curing and berserk rage Purchase which effect?
You no longer have enough gold to petition Gozag for potion effects.
You feel much better.
You feel better.
Your surroundings suddenly seem different.
A spriggan druid comes into view. It is wielding a +0 quarterstaff.
A swamp dragon comes into view.
A thorn hunter comes into view.
A shambling mangrove comes into view. x2
A spriggan druid comes into view. It is wielding a +0 quarterstaff.
Marking area around 3 oklob plants as unsafe for travelling.
Found a blossoming altar of Fedhas. 3 oklob plants, a thorn hunter and a shambling mangrove come into view.
As you read the scroll of teleportation, it crumbles to dust.
You feel strangely unstable.
The swamp dragon roars deafeningly!
The spriggan druid shouts! x2
You enter the shallow water.
Moving in this stuff is going to be slow.
The thorn hunter gestures.
The spriggan druid hits you with a +0 quarterstaff.
The shambling mangrove hits you!!
* * * LOW HITPOINT WARNING * * *
The spriggan druid splashes around in the water.
A thorn hunter comes into view.
The thorn hunter fires a volley of thorns at you.
The volley of thorns hits you!!!
You die...
Your body crumbles into a pile of gold.

## ∆
####.###
###......###
#≈..Pf..≈.P#
∆
#≈.P....≈P.#
#♣≈.fDffi.♣#
∆
#....fi≈♣≈.#
##....≈@..##
##.≈♣..≈.#
##≈....♣# #
###♣..♣ #
♣..♣ ###♣
♣..≈ #≈♣≈
#♣.≈.♣ ♣#.♣≈
#f≈( ##≈≈≈≈
♣.≈♣ #♣≈≈≈≈≈


You could see 3 thorn hunters, 3 shambling mangroves, a swamp dragon, 3 oklob
plants and 2 spriggan druids.

Vanquished Creatures
  A tentacled monstrosity (Swamp:1)
  Kirke (D:14)
  Gastronok (Lair:2)
  A thorn hunter (Swamp:3)
  A fenstrider witch (Swamp:1)
  5 bunyips
  A minotaur (Gauntlet)
  Snorg (D:12)
  8 eleionomae
  A fire dragon (D:12)
  A shambling mangrove (Swamp:3)
  4 vault guards (D:13)
  4 catoblepae
  19 hydras
  3 boulder beetles
  Erica (Lair:2)
  4 centaur warriors
  9 two-headed ogres
  An ogre mage (D:15)
  10 death yaks
  10 alligators
  7 orc high priests
  3 tengu warriors
  2 spriggans
  Urug (Lair:2)
  7 goliath frogs
  2 spriggan druids
  6 swamp dragons
  A phantasmal warrior (Swamp:4)
  6 bog bodies
  A spectral hydra (Swamp:4)
  A lindwurm (Lair:6)
  4 deep elf pyromancers
  An orc knight (Orc:1)
  An orc sorcerer (Orc:2)
  A wolf spider (D:15)
  4 manticores
  10 ugly things
  An oklob plant (Lair:2)
  A will-o-the-wisp (Swamp:1)
  2 cyclopes (D:13)
  14 elephants
  A torpor snail (Lair:4)
  A naga mage (D:15)
  4 black mambas
  7 cane toads
  Maggie (D:8)
  2 kobold demonologists (D:12)
  12 komodo dragons
  2 unseen horrors
  2 tengu conjurers
  A hornet (shapeshifter) (D:14)
  A meliai (shapeshifter) (D:15)
  4 polar bears (Lair:6)
  Grinder (D:4)
  3 meliai (D:15)
  4 trolls
  Prince Ribbit (Lair:2)
  8 tyrant leeches
  6 dream sheep (Lair:6)
  3 hornets
  15 blink frogs
  A meliai zombie (D:10)
  4 centaur simulacra
  9 wyverns
  A water elemental (D:11)
  37 yaks
  7 humans (D:13)
  4 wraiths
  A hog (D:14)
  Eustachio (D:6)
  A golden eye (shapeshifter) (D:13)
  17 vampire mosquitoes
  3 basilisks
  4 steam dragons
  Edmund (D:4)
  9 wargs
  11 swamp worms
  2 nagas (Lair:4)
  2 acid dragons (D:12)
  17 water moccasins
  A floating eye (shapeshifter) (D:15)
  A hornet zombie (D:6)
  14 orc warriors
  An ice beast (D:3)
  A sky beast (D:7)
  18 ogres
  5 swamp drakes
  5 black bears
  A swamp dragon zombie (Swamp:4)
  6 wolves (Lair:1)
  9 centaurs
  4 necrophages
  4 phantoms
  A lemure (D:9)
  7 kobold brigands
  Blork the orc (D:4)
  A cane toad simulacrum (Gauntlet)
  14 bullfrogs
  4 scorpions
  3 wyvern zombies (D:7)
  A water moccasin zombie (D:6)
  A water moccasin skeleton (D:5)
  A wyvern skeleton (D:7)
  10 killer bees (D:9)
  7 wights
  3 bullfrog zombies (D:5)
  10 centaur zombies
  5 hounds
  14 jellies
  A bullfrog skeleton (D:5)
  Crazy Yiuf (D:5)
  2 centaur skeletons (D:6)
  5 human zombies
  29 orc priests
  A scorpion zombie (D:5)
  9 iguanas
  16 orc wizards
  2 hell rats (Lair:5)
  5 mummies
  2 howler monkey zombies (D:10)
  6 adders
  7 river rats (Lair:5)
  A shadow imp (D:10)
  4 white imps
  2 ufetubi (D:5)
  4 adder zombies
  An adder skeleton (D:4)
  A worm (D:2)
  2 dart slugs
  91 orcs
  8 endoplasms
  3 giant cockroaches (D:3)
  8 goblins
  8 hobgoblins
  8 jackals
  7 quokkas
  3 ball pythons
  4 bats
  3 frilled lizards
  2 goblin zombies (Ossuary)
  10 hobgoblin zombies (Ossuary)
  3 jackal zombies (Ossuary)
  19 kobolds
  8 kobold zombies
  9 orc zombies
  8 rats
830 creatures vanquished.

Vanquished Creatures (collateral kills)
  Harold (D:7)
  Pikel (D:9)
  A necrophage (D:7)
3 creatures vanquished.

Vanquished Creatures (others)
  A goliath frog (Swamp:2)
  4 oklob plants (Lair:2)
  A deep elf pyromancer (D:8)
  2 elephants (Lair:2)
  A komodo dragon (Lair:5)
  3 bloated husks
  A yak (D:9)
  A human (D:13)
  An orc warrior (Orc:1)
  45 fungi
  107 plants
167 creatures vanquished.

Grand Total: 1000 creatures vanquished

Notes
Turn   | Place    | Note
-------+----------+-------------------------------------------
     0 | D:1      | Maken the Gnoll Wanderer began the quest for the Orb.
     0 | D:1      | Maken set off with the following items: a +0 shortbow, a +2
                  | scale mail, 23 arrows, a potion of curing
     0 | D:1      | Reached XP level 1. HP: 23/23 MP: 1/1
   372 | D:1      | Reached XP level 2. HP: 29/29 MP: 2/2
   699 | D:1      | Reached XP level 3. HP: 35/35 MP: 3/3
   748 | D:1      | Found a faded altar of an unknown god.
  1472 | D:2      | Reached skill level 1 in Invocations
  2039 | D:3      | Reached skill level 1 in Short Blades
  2039 | D:3      | Reached skill level 1 in Long Blades
  2039 | D:3      | Reached skill level 1 in Axes
  2039 | D:3      | Reached skill level 1 in Maces & Flails
  2039 | D:3      | Reached skill level 1 in Polearms
  2039 | D:3      | Reached skill level 1 in Staves
  2039 | D:3      | Reached skill level 1 in Slings
  2039 | D:3      | Reached skill level 1 in Crossbows
  2039 | D:3      | Reached skill level 1 in Dodging
  2039 | D:3      | Reached skill level 1 in Stealth
  2039 | D:3      | Reached skill level 1 in Shields
  2039 | D:3      | Reached skill level 1 in Unarmed Combat
  2039 | D:3      | Reached skill level 1 in Spellcasting
  2146 | D:3      | Identified the +4 hand axe of Wewow {elec, rF- Int+7}
  2170 | D:3      | Reached XP level 4. HP: 41/41 MP: 5/5
  2410 | D:3      | Reached skill level 1 in Conjurations
  2410 | D:3      | Reached skill level 1 in Hexes
  2410 | D:3      | Reached skill level 1 in Summonings
  2410 | D:3      | Reached skill level 1 in Necromancy
  2410 | D:3      | Reached skill level 1 in Translocations
  2410 | D:3      | Reached skill level 1 in Transmutations
  2410 | D:3      | Reached skill level 1 in Fire Magic
  2410 | D:3      | Reached skill level 1 in Ice Magic
  2410 | D:3      | Reached skill level 1 in Air Magic
  2410 | D:3      | Reached skill level 1 in Earth Magic
  2410 | D:3      | Reached skill level 1 in Poison Magic
  2486 | D:3      | Noticed an ice beast
  2491 | D:3      | Killed an ice beast
  2492 | D:3      | Reached XP level 5. HP: 47/47 MP: 5/7
  2516 | D:3      | Found Rathah's Weapon Emporium.
  2618 | D:3      | Found a sacrificial altar of Ru.
  2814 | D:4      | Noticed an ogre
  2829 | D:4      | Killed an ogre
  2830 | D:4      | Reached skill level 5 in Bows
  2830 | D:4      | Reached XP level 6. HP: 43/53 MP: 8/8
  2847 | D:4      | Noticed Grinder
  2861 | D:4      | Paralysed by Grinder for 4 turns
  2867 | D:4      | Paralysed by Grinder for 5 turns
  2876 | D:4      | Killed Grinder
  2877 | D:4      | Reached XP level 7. HP: 31/60 MP: 8/10
  3011 | D:4      | Found a sand-covered staircase.
  3087 | Ossuary  | Entered an ossuary
  3727 | D:4      | Reached XP level 8. HP: 64/67 MP: 12/12
  3754 | D:4      | Noticed Edmund
  4052 | D:4      | Killed Edmund
  4298 | D:4      | Noticed Blork the orc
  4306 | D:4      | Killed Blork the orc
  4521 | D:5      | Entered Level 5 of the Dungeon
  4892 | D:5      | Found a large runed translucent door.
  4893 | D:5      | Found a large runed translucent door.
  4954 | D:5      | Reached XP level 9. HP: 61/72 MP: 14/14
  5018 | D:5      | Noticed a troll
  5030 | D:5      | Found a large runed translucent door.
  5030 | D:5      | Found a large runed translucent door.
  5570 | D:5      | Reached skill level 5 in Throwing
  5570 | D:5      | Reached skill level 5 in Evocations
  5885 | D:5      | Found a runed translucent door.
  5886 | D:5      | Noticed Crazy Yiuf
  6204 | D:6      | Identified the +1 robe of the Meadowlark {rElec rF- Dex+2
                  | Slay+2}
  6266 | D:6      | Noticed Eustachio
  6275 | D:6      | Killed Eustachio
  6480 | D:6      | Reached skill level 5 in Invocations
  6807 | D:6      | Reached XP level 10. HP: 78/80 MP: 17/17
  7002 | D:6      | Found a white marble altar of Elyvilon.
  7350 | D:7      | Reached skill level 5 in Short Blades
  7350 | D:7      | Reached skill level 5 in Long Blades
  7350 | D:7      | Reached skill level 5 in Axes
  7350 | D:7      | Reached skill level 5 in Maces & Flails
  7350 | D:7      | Reached skill level 5 in Polearms
  7350 | D:7      | Reached skill level 5 in Staves
  7350 | D:7      | Reached skill level 5 in Slings
  7350 | D:7      | Reached skill level 5 in Crossbows
  7350 | D:7      | Reached skill level 5 in Dodging
  7350 | D:7      | Reached skill level 5 in Stealth
  7350 | D:7      | Reached skill level 5 in Shields
  7350 | D:7      | Reached skill level 5 in Unarmed Combat
  7350 | D:7      | Reached skill level 5 in Spellcasting
  7603 | D:7      | Found Nukhli Niaz's Assorted Antiques.
  7773 | D:7      | Noticed Harold
  7791 | D:7      | Killed Harold
  7807 | D:7      | Killed a steam dragon
  8750 | D:7      | Found an ancient bone altar of Kikubaaqudgha.
  8931 | D:7      | Found a staircase to the Ecumenical Temple.
  8936 | Temple   | Entered the Ecumenical Temple
  8988 | Temple   | Became a worshipper of Gozag Ym Sagoz the Greedy
  9148 | D:7      | Learned a level 3 spell: Summon Guardian Golem
  9197 | D:8      | Noticed a deep elf pyromancer
  9212 | D:8      | Killed a deep elf pyromancer
  9653 | D:8      | Found a runed translucent gate.
  9653 | D:8      | Found a runed translucent gate.
  9654 | D:8      | Found a runed translucent gate.
  9655 | D:8      | Noticed a brown ugly thing
  9656 | D:8      | Noticed a green ugly thing
  9656 | D:8      | Noticed a brown ugly thing
  9656 | D:8      | Noticed a glowing orange brain
  9656 | D:8      | Noticed a green ugly thing
  9753 | D:8      | Identified the +6 mace "Zules" {venom, Contam *Corrode
                  | Str+5 SInv}
  9855 | D:8      | Noticed Maggie
  9873 | D:8      | Killed Maggie
  9874 | D:8      | Reached XP level 11. HP: 28/87 MP: 19/19
 10815 | D:9      | Found a staircase to the Orcish Mines.
 10998 | D:9      | Reached skill level 5 in Conjurations
 10998 | D:9      | Reached skill level 5 in Hexes
 10998 | D:9      | Reached skill level 5 in Summonings
 10998 | D:9      | Reached skill level 5 in Necromancy
 10998 | D:9      | Reached skill level 5 in Translocations
 10998 | D:9      | Reached skill level 5 in Transmutations
 10998 | D:9      | Reached skill level 5 in Fire Magic
 10998 | D:9      | Reached skill level 5 in Ice Magic
 10998 | D:9      | Reached skill level 5 in Air Magic
 10998 | D:9      | Reached skill level 5 in Earth Magic
 10998 | D:9      | Reached skill level 5 in Poison Magic
 11386 | D:9      | Found Pitat's Armour Emporium.
 11511 | D:9      | Noticed a death yak
 11512 | D:9      | Found a staircase to the Lair.
 11512 | D:9      | Noticed a death yak
 11512 | D:9      | Noticed a death yak
 11512 | D:9      | Noticed Pikel
 11524 | D:9      | Killed a death yak
 11525 | D:9      | Killed a death yak
 11529 | D:9      | Killed a death yak
 11546 | D:9      | Killed Pikel
 11821 | D:9      | Found a bloodstained altar of Trog.
 11821 | D:9      | Noticed Mels's ghost (novice MiHu)
 12448 | D:9      | Found a transporter.
 12451 | D:9      | Noticed a two-headed ogre
 12452 | D:9      | Noticed a moth of wrath
 12454 | D:9      | Noticed a tengu warrior
 12464 | D:9      | Found a transporter.
 12587 | D:10     | Entered Level 10 of the Dungeon
 13233 | D:5      | Killed Crazy Yiuf
 13716 | D:10     | Found a shadowy altar of Dithmenos.
 13929 | D:10     | Found a burning altar of Makhleb.
 14430 | D:10     | Reached XP level 12. HP: 96/96 MP: 22/22
 14479 | Lair:1   | Entered Level 1 of the Lair of Beasts
 15119 | Lair:1   | Identified the +2 robe "Pyecuzxaqy" {rElec Int+4}
 16272 | Orc:1    | Entered Level 1 of the Orcish Mines
 16881 | Orc:1    | Noticed an orc high priest
 16889 | Orc:1    | Killed an orc high priest
 17136 | Orc:2    | Entered Level 2 of the Orcish Mines
 17343 | Orc:1    | Found Tughann's Assorted Antiques.
 17351 | Orc:1    | Bought a scroll labelled CIAPECR IGOL for 21 gold pieces
 17387 | Orc:2    | Found a staircase to the Elven Halls.
 17548 | Orc:2    | Noticed a two-headed ogre
 17568 | Orc:2    | Killed a two-headed ogre
 17815 | Orc:2    | Found Byr Fots's General Store.
 18126 | Orc:1    | Reached skill level 10 in Fighting
 18126 | Orc:1    | Reached skill level 10 in Armour
 18857 | Orc:2    | Noticed an orc high priest
 18858 | Orc:2    | Noticed an orc high priest
 18878 | Orc:2    | Noticed a soul eater
 19171 | Orc:2    | Killed an orc high priest
 19407 | Lair:2   | Found a staircase to the Swamp.
 19674 | Lair:2   | Noticed a four-headed hydra
 19712 | Lair:2   | Killed a one-headed hydra
 19925 | Lair:2   | Reached XP level 13. HP: 74/103 MP: 21/24
 20329 | Lair:2   | Noticed Erica
 20341 | Lair:2   | Killed Erica
 20533 | Lair:2   | Noticed Urug
 20567 | Lair:2   | Killed Urug
 20948 | Lair:2   | Noticed Prince Ribbit
 20961 | Lair:1   | Learned a level 4 spell: Sticky Flame
 21225 | Lair:2   | Found a blossoming altar of Fedhas.
 21966 | Lair:2   | Noticed Gastronok
 21983 | Lair:2   | Killed Gastronok
 22256 | D:9      | Bought a scroll of identify for 62 gold pieces
 22332 | Lair:2   | Killed Prince Ribbit
 25165 | Lair:4   | Found a staircase to the Snake Pit.
 25991 | Lair:4   | Identified the +7 falchion of the Shimmering Eel {pain,
                  | Str+7}
 26876 | Lair:4   | Reached XP level 14. HP: 109/111 MP: 26/26
 26918 | Lair:5   | Found a gate leading to a gauntlet.
 26931 | Gauntlet | Entered a Gauntlet
 26931 | Gauntlet | Found a transporter.
 26931 | Gauntlet | Found a transporter.
 26935 | Gauntlet | Found a transporter.
 26935 | Gauntlet | Found a transporter.
 26954 | Gauntlet | Found a transporter.
 26959 | Gauntlet | Found a transporter.
 26979 | Gauntlet | Found a transporter.
 26988 | Gauntlet | Found a transporter.
 27005 | Gauntlet | Found a transporter.
 27077 | Gauntlet | Found a transporter.
 27092 | Gauntlet | Found a transporter.
 27108 | Gauntlet | Found a transporter.
 27121 | Gauntlet | Found a transporter.
 27137 | Gauntlet | Found a transporter.
 27214 | Gauntlet | Found a transporter.
 27222 | Gauntlet | Found a transporter.
 27572 | Gauntlet | Identified the +2 pair of gloves of Lyesk {rElec rF+ Will-}
 27996 | Gauntlet | Reached skill level 10 in Bows
 29259 | Lair:6   | Entered Level 6 of the Lair of Beasts
 29873 | D:11     | Reached skill level 10 in Invocations
 30073 | D:11     | Found a white marble altar of Elyvilon.
 30358 | D:12     | Noticed Snorg
 30384 | D:12     | Killed Snorg
 30423 | D:12     | Found Hoikh's Antique Weapon Shoppe.
 31232 | D:9      | Bought heavily runed storm dragon scales for 2465 gold
                  | pieces
 31232 | D:9      | Identified the +0 storm dragon scales of Shielding {rElec
                  | rF+ rN+++ rCorr Str-5} (You bought it in a shop on level 9
                  | of the Dungeon)
 32468 | Orc:2    | Reached skill level 10 in Throwing
 32468 | Orc:2    | Reached skill level 10 in Evocations
 32472 | Orc:2    | Paralysed by an orc sorcerer for 6 turns
 32496 | Orc:2    | Found Emocom's Antique Weapon Shoppe.
 32496 | Orc:2    | Found Qagraast's Magic Scroll Shop.
 32614 | Orc:2    | Found Karov's Weapon Shoppe.
 32614 | Orc:2    | Found Ucsom's Antique Weapon Shop.
 32920 | Lair:5   | Bought an encrusted scale mail for 279 gold pieces
 32920 | Lair:5   | Identified the +4 scale mail "Diadoxox" {Dex+4} (You bought
                  | it in a shop on level 5 of the Lair of Beasts)
 32924 | Lair:5   | Bought a spiked ring mail for 279 gold pieces
 32924 | Lair:5   | Identified the +0 ring mail of Qucaywn {rF++ Will++ Int-4}
                  | (You bought it in a shop on level 5 of the Lair of Beasts)
 33093 | Lair:6   | Reached XP level 15. HP: 119/119 MP: 24/28
 34140 | Lair:6   | Found a staircase to the Slime Pits.
 34166 | Lair:6   | Reached skill level 10 in Short Blades
 34166 | Lair:6   | Reached skill level 10 in Long Blades
 34166 | Lair:6   | Reached skill level 10 in Axes
 34166 | Lair:6   | Reached skill level 10 in Maces & Flails
 34166 | Lair:6   | Reached skill level 10 in Polearms
 34166 | Lair:6   | Reached skill level 10 in Staves
 34166 | Lair:6   | Reached skill level 10 in Slings
 34166 | Lair:6   | Reached skill level 10 in Crossbows
 34166 | Lair:6   | Reached skill level 10 in Dodging
 34166 | Lair:6   | Reached skill level 10 in Stealth
 34166 | Lair:6   | Reached skill level 10 in Shields
 34166 | Lair:6   | Reached skill level 10 in Unarmed Combat
 34166 | Lair:6   | Reached skill level 10 in Spellcasting
 36575 | D:12     | Bought a crystal hand crossbow for 212 gold pieces
 36575 | D:12     | Identified the +7 hand crossbow of Emafaur {flame, Str+3
                  | Dex+4} (You bought it in a shop on level 12 of the Dungeon)
 36737 | Lair:5   | Bought an encrusted scale mail for 279 gold pieces
 36737 | Lair:5   | Identified the +6 scale mail "Tiferog" {rF+ Int+2} (You
                  | bought it in a shop on level 5 of the Lair of Beasts)
 36737 | Lair:5   | Bought a pair of translucent gloves for 294 gold pieces
 36737 | Lair:5   | Identified the +2 pair of gloves "Rozythyi" {Harm rC+
                  | Dex+4} (You bought it in a shop on level 5 of the Lair of
                  | Beasts)
 36758 | Lair:5   | Bought a glowing tower shield for 232 gold pieces
 37363 | D:13     | Found a gate to the Vaults.
 38242 | D:14     | Identified Roxanne's Incunabulum of Earth
 38242 | D:14     | Noticed Roxanne
 38388 | D:14     | Found a transporter.
 38400 | D:14     | Noticed Kedghoxa's ghost (journeyman DEIE)
 38416 | D:14     | Found a transporter.
 38521 | D:14     | Reached XP level 16. HP: 125/127 MP: 30/30
 38524 | D:14     | Noticed Kirke
 38546 | D:14     | Killed Kirke
 38591 | D:14     | Found Godofiz's Book Shop.
 38813 | D:14     | Found a radiant altar of Vehumet.
 38888 | D:14     | Noticed Frances
 39271 | D:15     | Entered Level 15 of the Dungeon
 39856 | D:15     | Found an iron altar of Okawaru.
 39951 | D:15     | Found a staircase to the Depths.
 40445 | Swamp:1  | Entered Level 1 of the Swamp
 40445 | Swamp:1  | Found the +11 plutonium sword {Contam Stlth-}
 40598 | Swamp:1  | Identified the +0 chain mail of New Discoveries {SInv}
 40737 | Swamp:1  | Noticed a fenstrider witch
 40768 | Swamp:1  | Killed a fenstrider witch
 41313 | Swamp:1  | Noticed a tentacled monstrosity
 41339 | Swamp:1  | Killed a tentacled monstrosity
 41739 | Swamp:2  | Found a bloodstained altar of Trog.
 41918 | Swamp:2  | HP: 5/129 [seven-headed hydra (2)]
 43369 | Swamp:2  | Reached XP level 17. HP: 60/135 MP: 27/32
 44752 | Swamp:4  | Entered Level 4 of the Swamp
 45651 | Swamp:4  | Found a blossoming altar of Fedhas.
 45654 | Swamp:4  | Killed from afar by a thorn hunter

Illustrated notes

Levels and vault maps discovered:
D:1:      roderic_chinese_lattice_arrival, layout_loops_corners,
          shapermc_ecumenical_altar_totnotflames
D:2:      layout_basic, serial_rivers, chequers_serial_rivers_micro_d,
          chequers_serial_rivers_marsh, chequers_serial_rivers_small_3,
          chequers_serial_rivers_micro_c, chequers_serial_rivers_micro_c,
          minmay_misc_feat_plants
D:3:      layout_rooms, nicolae_ru_the_path_less_chosen, serial_shops, shop,
          minmay_checkerbox
D:4:      layout_basic, nicolae_ossuary_entry_giza, minmay_crystal_water,
          uniq_edmund, uniq_blork_the_orc, uniq_grinder
D:5:      minmay_octagon_keep, layout_rooms, minmay_hollow_rounded_squares,
          uniq_crazy_yiuf_cottage
D:6:      layout_gridville, general_overflow_altar, st_stairs_12,
          kennysheep_generic_room_4, uniq_eustachio
D:7:      layout_loops_ring, lemuel_mausoleum_altar_kikubaaqudgha,
          minmay_temple_entry_glassed_door, serial_shops,
          nicolae_shop_waterfront, uniq_harold
D:8:      layout_basic, ploomutoo_gammafunk_ghost_potion_laboratory, uniq_maggie
D:9:      layout_basic, dpeg_lair_monsters, hiddenorc2_lemuel, serial_shops,
          kennysheep_little_box, gammafunk_ghost_wrathful_warriors,
          kennysheep_minor_cross, uniq_pikel
D:10:     layout_long_grid, grunt_dithmenos_shadows, marbit_many_paths
D:11:     layout_rooms, st_stairs_2, nicolae_elyvilon_temple_path
D:12:     layout_cave_pods, serial_shops, shop, grunt_ministairs_10,
          minmay_fractal_squares_gapless_7, uniq_snorg
D:13:     layout_stronghold, ximxim_vaults_locker_room
D:14:     layout_irregular_city, serial_shops, shop_fountains,
          gammafunk_ghost_stat_death, hangedman_decor_peaks_small,
          hangedman_decor_slide_cut, nicolae_vehumet_radiance, uniq_roxanne,
          uniq_kirke, uniq_frances
D:15:     hangedman_depths_entry_try_elsewhere_first, layout_basic,
          okawaru_ov_weapons_minmay, serial_curves, eino_curves_02,
          eino_curves_02
Temple:   minmay_crystal_spiral_temple
Lair:1:   layout_gridlike, lemuel_fruit_tree
Lair:2:   layout_layer_cave, skrybe_swamp_entry_bodies, hangedman_tree_tricks,
          minmay_lair_oklob_chamber, uniq_erica, uniq_gastronok,
          uniq_prince_ribbit2, uniq_urug
Lair:3:   layout_cave_pods, chequers_serial_rivers_micro_a
Lair:4:   layout_regular_city, guppyfry_snake_entry_island, hibernation_bobbens,
          lemuel_fruit_fields
Lair:5:   layout_small_grid, gauntlet_entry_generic, kennysheep_abandoned_house
Lair:6:   evilmike_catoblepas_cave, layout_cave_pods,
          minmay_slime_entry_jelly_boxes
Swamp:1:  cheibrodos_swamp_monstrosity, layout_basic_swamp,
          evilmike_swamp_ruin_house_3, swamp_pool3
Swamp:2:  layout_falls_marsh, lemuel_altar_in_water2,
          nicolae_swamp_triple_paths, swamp_pool3
Swamp:3:  layout_basic_swamp, evilmike_swamp_ruin_house_1
Swamp:4:  byrel_swamp_growth_death_and_undeath, layout_basic_swamp
Orc:1:    layout_caves, serial_shops, shop, kennysheep_orc_chapel
Orc:2:    st_orc_town, layout_diamond_mine, serial_shops, shop

Skill      XL: |  1  2  3  4  5  6  7  8  9 10 11 12 13 14 15 16 17 |
---------------+----------------------------------------------------+-----
Invocations    | 1 2 3 4 5 6 7 8 9 10 11 12 | 12.5
Short Blades   | 1 2 3 4 5 6 7 8 9 10 11 | 11.5
Long Blades    | 1 2 3 4 5 6 7 8 9 10 11 | 11.5
Axes           | 1 2 3 4 5 6 7 8 9 10 11 | 11.5
Maces & Flails | 1 2 3 4 5 6 7 8 9 10 11 | 11.5
Polearms       | 1 2 3 4 5 6 7 8 9 10 11 | 11.5
Staves         | 1 2 3 4 5 6 7 8 9 10 11 | 11.5
Slings         | 1 2 3 4 5 6 7 8 9 10 11 | 11.5
Crossbows      | 1 2 3 4 5 6 7 8 9 10 11 | 11.5
Dodging        | 1 2 3 4 5 6 7 8 9 10 11 | 11.5
Stealth        | 1 2 3 4 5 6 7 8 9 10 11 | 11.5
Shields        | 1 2 3 4 5 6 7 8 9 10 11 | 11.5
Unarmed Combat | 1 2 3 4 5 6 7 8 9 10 11 | 11.5
Spellcasting   | 1 2 3 4 5 6 7 8 9 10 11 | 11.5
Conjurations   | 1 2 3 4 5 6 7 8 9 |  9.9
Hexes          | 1 2 3 4 5 6 7 8 9 |  9.9
Summonings     | 1 2 3 4 5 6 7 8 9 |  9.9
Necromancy     | 1 2 3 4 5 6 7 8 9 |  9.9
Translocations | 1 2 3 4 5 6 7 8 9 |  9.9
Transmutations | 1 2 3 4 5 6 7 8 9 |  9.9
Fire Magic     | 1 2 3 4 5 6 7 8 9 |  9.9
Ice Magic      | 1 2 3 4 5 6 7 8 9 |  9.9
Air Magic      | 1 2 3 4 5 6 7 8 9 |  9.9
Earth Magic    | 1 2 3 4 5 6 7 8 9 |  9.9
Poison Magic   | 1 2 3 4 5 6 7 8 9 |  9.9
Throwing       | 3 4 5 6 7 8 9 10 11 | 11.8
Evocations     | 3 4 5 6 7 8 9 10 11 | 11.8
Bows           | 5 6 7 8 9 10 11 12 | 12.3
Fighting       | 7 8 9 10 11 12 13 | 13.0
Armour         | 7 8 9 10 11 12 13 | 13.0

Action                   |  1- 3 |  4- 6 |  7- 9 | 10-12 | 13-15 | 16-18 || total
-------------------------+-------+-------+-------+-------+-------+-------++-------
Melee: Flail             |    21 |       |       |       |       |       ||    21
       Hand axe          |     1 |    60 |   327 |   783 |   817 |   346 ||  2334
       Bite              |       |     8 |    29 |    75 |   133 |    64 ||   309
       Punch             |       |       |     4 |     7 |       |       ||    11
       Mace              |       |       |       |    16 |       |       ||    16
       Falchion          |       |       |       |     9 |       |       ||     9
       Scimitar          |       |       |       |       |   269 |    86 ||   355
       Hand crossbow     |       |       |       |       |     3 |       ||     3
       Broad axe         |       |       |       |       |       |   110 ||   110
       Unarmed           |       |       |       |       |       |     1 ||     1
 Fire: Shortbow          |    96 |       |       |     9 |    10 |       ||   115
       Hand crossbow     |       |       |       |       |    96 |   123 ||   219
Throw: Dart              |     5 |     5 |    28 |    41 |   230 |   212 ||   521
       Throwing net      |     1 |       |       |       |     2 |       ||     3
       Javelin           |       |       |       |       |    55 |       ||    55
 Cast: Summon Guardian G |       |       |       |     7 |    30 |    13 ||    50
       Sticky Flame      |       |       |       |       |    99 |   111 ||   210
Invok: Call Merchant     |       |       |       |     2 |     1 |     1 ||     4
       Potion Petition   |       |       |       |       |       |     3 ||     3
Evoke: Wand              |       |       |       |    17 |    22 |    12 ||    51
       Tin of tremorston |       |       |       |     3 |       |       ||     3
       Piece from Xom's  |       |       |       |     4 |       |     1 ||     5
       Condenser vane    |       |       |       |     1 |     3 |     1 ||     5
       Lightning rod     |       |       |       |       |     1 |       ||     1
  Use: Scroll            |       |     4 |     1 |     6 |    14 |    10 ||    35
       Potion            |       |       |     4 |     6 |     8 |     9 ||    27
 Stab: Sleeping          |       |       |       |    10 |     9 |     1 ||    20
       Invisible         |       |       |       |     7 |     2 |       ||     9
       Distracted        |       |       |       |     6 |    13 |     2 ||    21
Armor: Scale mail        |    21 |    27 |   176 |   323 |   465 |   440 ||  1452
Dodge: Dodged            |    12 |    32 |   158 |   376 |   497 |   344 ||  1419
Block: Buckler           |       |       |       |   207 |   392 |   103 ||   702
       Reflection        |       |       |       |     3 |     1 |       ||     4
       Tower shield      |       |       |       |       |       |   330 ||   330
       Rpst.: Falchion   |       |       |       |     1 |       |       ||     1
       Scimitar          |       |       |       |       |    23 |     4 ||    27

Table legend: (Time is in decaauts)
 A = Elapsed time spent in this place.
 B = Non-inter-level travel time spent in this place.
 C = Inter-level travel time spent in this place.
 D = Time resting spent in this place.
 E = Time spent auto-exploring this place.
 F = Levels seen in this place.
 G = Mean time per level.
                   A        B        C        D        E       F      G
               +--------+--------+--------+--------+--------+-----+--------+
         Total |  45923 |  42259 |   3664 |   8601 |  22576 |  30 | 1530.8 |
       Dungeon |  21795 |  19684 |   2111 |   2853 |  12788 |  15 | 1453.0 |
        Temple |     89 |     53 |     36 |      0 |     43 |   1 |   89.0 |
          Lair |  13650 |  12488 |   1162 |   3247 |   6107 |   6 | 2275.0 |
         Swamp |   5427 |   5192 |    235 |    726 |   2469 |   4 | 1356.8 |
  Orcish Mines |   3372 |   3254 |    118 |   1008 |    852 |   2 | 1686.0 |
       Ossuary |    487 |    487 |      0 |    220 |     88 |   1 |  487.0 |
      Gauntlet |   1099 |   1099 |      0 |    546 |    228 |   1 | 1099.0 |
               +--------+--------+--------+--------+--------+-----+--------+

Top non-repeatable levels by time:
  Lair:2: 4259 daAuts
     D:9: 3424 daAuts
  Lair:6: 2515 daAuts
     D:7: 2223 daAuts
  Lair:4: 2064 daAuts
  Lair:1: 2054 daAuts
     D:5: 1965 daAuts
 Swamp:2: 1882 daAuts
   Orc:2: 1812 daAuts
    D:12: 1648 daAuts
   Orc:1: 1559 daAuts
    D:13: 1525 daAuts
  Lair:5: 1507 daAuts
 Swamp:1: 1403 daAuts
     D:8: 1316 daAuts
